 Dungeon Crawl Stone Soup version 0.21.1-1-g345015f (webtiles) character file.

941 prawnwizard the Covert (level 7, -4/32 HPs)
             Began as a Spriggan Enchanter on July 1, 2018.
             Was an Initiate of Dithmenos.
             Slain by newst's ghost (14 damage)
             ... on level 5 of the Dungeon.
             The game lasted 00:22:52 (4573 turns).

prawnwizard the Covert (Spriggan Enchanter)         Turns: 4573, Time: 00:22:53

Health: -4/32      AC:  3    Str:  4    XL:     7   Next: 88%
Magic:  1/14       EV: 22    Int: 19    God:    Dithmenos [......]
Gold:   230        SH:  0    Dex: 16    Spells: 8/14 levels left

rFire    . . .     SeeInvis +   k - +3 dagger (venom)
rCold    + . .     Gourm    .   (shield restricted)
rNeg     . . .     Faith    .   b - +1 robe
rPois    .         Spirit   .   (helmet restricted)
rElec    .         Reflect  .   (no cloak)
rCorr    .         Harm     .   (gloves unavailable)
MR       +....                  (boots unavailable)
Stlth    ++++......             (no amulet)
HPRegen  0.10/turn              r - ring of protection from cold
MPRegen  0.14/turn              (no ring)

@: very slightly contaminated, very quick
A: very small, unfitting armour, see invisible, herbivore, speed 3, slow
metabolism 2
a: Renounce Religion


You were on level 5 of the Dungeon.
You worshipped Dithmenos.
Dithmenos was noncommittal.
You were not hungry.

You visited 1 branch of the dungeon, and saw 5 of its levels.

You collected 230 gold pieces.

Inventory:

Hand Weapons
 k - a +3 dagger of venom (weapon)
Armour
 b - a +1 robe (worn)
Jewellery
 r - a ring of protection from cold (left hand)
Wands
 n - a wand of enslavement (19)
 p - a wand of polymorph (20)
 v - a wand of disintegration (14)
Scrolls
 f - 5 scrolls of remove curse
 g - a scroll of teleportation {unknown}
 h - a scroll of enchant weapon
 s - a scroll of identify
 t - 2 scrolls of blinking {unknown}
Potions
 a - a potion of berserk rage
 e - a potion of agility {unknown}
 i - a potion of degeneration {unknown}
 j - a potion of haste {unknown}
 l - a potion of flight {unknown}
 m - 2 potions of curing {unknown}
 o - a potion of lignification {unknown}
 q - a potion of magic {unknown}
 u - a potion of ambrosia {unknown}
 w - a potion of might {unknown}
Books
 c - a book of Maledictions

   Spells                             Type                      Level
   a - Corona                         Hexes                        1
   b - Ensorcelled Hibernation        Hexes/Ice                    2
   c - Confuse                        Hexes                        3
   d - Tukima's Dance                 Hexes                        3
   e - Dazzling Spray                 Conjuration/Hexes            3
Comestibles
 d - 9 rations


   Skills:
 - Level 1.1 Short Blades
 + Level 6.8 Dodging
 + Level 8.2 Stealth
 - Level 4.0 Spellcasting
 * Level 8.1 Hexes


You had 8 spell levels left.
You knew the following spells:

 Your Spells              Type           Power        Failure   Level  Hunger
a - Corona                Hex            ####...      1%          1    None
b - Ensorcelled Hibernat  Hex/Ice        ###...       3%          2    ##.....
c - Dazzling Spray        Conj/Hex       ###...       8%          3    ###....


Dungeon Overview and Level Annotations

Branches:
Dungeon (5/15)             Temple (0/1) D:5

Altars:
Ashenzari
Dithmenos
Hepliaklqana
Kikubaaqudgha
Wu Jian

Annotations:
D:5 newst's ghost, novice MiMo


Innate Abilities, Weirdness & Mutations

You are very small and have problems with some larger weapons.
You are too small for most types of armour.
You have supernaturally acute eyesight. (SInv)
You are a herbivore.
You cover ground extremely quickly.
You need consume almost no food.


Message History

Confirm with . or Enter, or press ? or * to list all spells.
Aiming: Dazzling Spray
Press: ? - help, Shift-Dir - straight line, f/p - newst's ghost
Aim: newst's ghost, wielding a weapon of electrocution (lightly damaged)
The spray of energy hits newst's ghost.
Newst's ghost is lightly damaged.
Casting: Dazzling Spray
Confirm with . or Enter, or press ? or * to list all spells.
Aiming: Dazzling Spray
Press: ? - help, Shift-Dir - straight line, f/p - newst's ghost
Aim: newst's ghost, wielding a weapon of electrocution (lightly damaged)
The spray of energy hits newst's ghost.
Newst's ghost is lightly damaged.
You closely miss newst's ghost.
Newst's ghost is lightly damaged.
Newst's ghost completely misses you.
You closely miss newst's ghost.
Newst's ghost is lightly damaged.
Newst's ghost hits you!
You are electrocuted!
You die...

#..#...?...#..#####.####.##.....
#....._....?.####...###.#_.....
#.#.......#.......#.....##.....
# #.......#..####...###.##8...
##.....##.............# #
#.####†####........####.########
#............####..# #.........
#####.##!###.####..####..#.#####
#....# #..W@.........#.## #
####.# ####.#..#.###....# # #.#
#.#..#.# ###..# # #.# #....#.#
#..#### #.# #....#.# #.....< #.#
###....#.# #...### #.#
#.........# #...# # #.........#
#.#.# # ..........#####.#.###


You could see newst's ghost.

Vanquished Creatures
  Sigmund (D:2)
  A water moccasin (D:5)
  A sky beast (D:5)
  A phantom (D:5)
  An orc wizard (D:4)
  A bullfrog zombie (D:5)
  A hound (D:4)
  An orc priest (D:4)
  A jelly (D:5)
  A gnoll shaman (D:5)
  Natasha (thrice) (D:2 D:4)
  A worker ant (D:4)
  4 gnolls (D:5)
  7 adders
  An ooze (D:4)
  An adder zombie (D:5)
  3 worms
  4 dart slugs
  2 leopard geckos
  7 orcs
  3 ball pythons
  2 giant cockroaches (D:1)
  10 goblins
  9 hobgoblins
  4 jackals (D:1)
  6 kobolds
  3 quokkas
  5 bats
  8 frilled lizards
  5 rats
98 creatures vanquished.

Notes
Turn   | Place    | Note
-------+----------+-------------------------------------------
     0 | D:1      | prawnwizard the Spriggan Enchanter began the quest for the Orb.
     0 | D:1      | Reached XP level 1. HP: 9/9 MP: 5/5
   170 | D:1      | Reached XP level 2. HP: 11/13 MP: 6/6
   176 | D:1      | Learned a level 2 spell: Ensorcelled Hibernation
   258 | D:1      | Reached skill level 5 in Stealth
  1255 | D:2      | Noticed Natasha
  1257 | D:2      | Killed Natasha
  1257 | D:2      | Reached XP level 3. HP: 16/16 MP: 6/8
  1262 | D:2      | Learned a level 3 spell: Dazzling Spray
  1314 | D:2      | Reached XP level 4. HP: 19/21 MP: 9/9
  1435 | D:2      | Noticed Sigmund
  1448 | D:2      | Killed Sigmund
  1448 | D:2      | Reached skill level 5 in Hexes
  1448 | D:2      | Reached XP level 5. HP: 10/24 MP: 9/12
  1708 | D:2      | Reached XP level 6. HP: 28/28 MP: 13/13
  2272 | D:3      | Reached skill level 5 in Dodging
  2462 | D:3      | Found a shattered altar of Ashenzari.
  3183 | D:4      | Noticed Natasha
  3214 | D:4      | Killed Natasha
  3399 | D:4      | Noticed Natasha
  3995 | D:4      | Killed Natasha
  3995 | D:4      | Reached XP level 7. HP: 32/32 MP: 5/14
  4062 | D:5      | Entered Level 5 of the Dungeon
  4065 | D:5      | Found a shadowy altar of Dithmenos.
  4089 | D:5      | Became a worshipper of Dithmenos the Shadowed
  4314 | D:5      | Found an ancient bone altar of Kikubaaqudgha.
  4376 | D:5      | Found a staircase to the Ecumenical Temple.
  4499 | D:5      | Found a hazy altar of Hepliaklqana.
  4536 | D:5      | Noticed newst's ghost (novice MiMo)
  4537 | D:5      | Found an ornate altar of the Wu Jian Council.
  4573 | D:5      | Slain by newst's ghost

Skill      XL: |  1  2  3  4  5  6  7 |
---------------+----------------------+-----
Stealth        | 5 6 7 8 |  8.2
Hexes          | 4 5 6 8 |  8.1
Spellcasting   | 3 4 |  4.0
Dodging        | 4 5 6 |  6.8
Short Blades   | |  1.1

Action                   |  1- 3 |  4- 6 |  7- 9 || total
-------------------------+-------+-------+-------++-------
Melee: Dagger            |    87 |   160 |    58 ||   305
 Cast: Ensorcelled Hiber |     3 |     8 |     2 ||    13
       Dazzling Spray    |       |       |     4 ||     4
  Use: Potion            |     1 |       |       ||     1
       Scroll            |       |     7 |       ||     7
 Stab: Sleeping          |    16 |    14 |     6 ||    36
       Distracted        |       |     1 |       ||     1
  Eat: Ration            |       |       |     1 ||     1
Armor: Robe              |     4 |     5 |     3 ||    12
Dodge: Dodged            |    59 |   100 |    36 ||   195
